 Dungeon Crawl Stone Soup version 0.27.1-1-g398f81649c (webtiles) character file.

Game seed: 3974556299811614317

135 Borgoz the Skirmisher (level 5, 0/33 HPs)
             Began as a Gargoyle Berserker on Sept 21, 2021.
             Was a Believer of Trog.
             Slain by a quokka (3 damage)
             ... on level 3 of the Dungeon.
             The game lasted 00:01:49 (2341 turns).

Borgoz the Skirmisher (Gargoyle Berserker)          Turns: 2341, Time: 00:01:50

Health: 0/33       AC:  8    Str: 21    XL:     5   Next: 18%
Magic:  5/5        EV: 12    Int:  7    God:    Trog [**....]
Gold:   93         SH:  0    Dex: 10    Spells: 4/4 levels left

rFire    . . .     SeeInvis .   a - +0 falchion
rCold    . . .     Faith    .   (no shield)
rNeg     + . .     Spirit   .   b - +0 animal skin
rPois    ∞         Reflect  .   d - +1 helmet
rElec    +         Harm     .   (no cloak)
rCorr    .         Rampage  .   (no gloves)
Will     ++...                  (no boots)
Stlth    +.........             (no amulet)
HPRegen  1.11/turn              (no ring)
MPRegen  0.09/turn              (no ring)

@: strong-willed, on berserk cooldown, regenerating, slowed, very slow
A: sickness immunity, AC +4, negative energy resistance 1, electricity
resistance, torment resistance 1, petrification resistance
a: Renounce Religion, Berserk, Trog's Hand


You were on level 3 of the Dungeon.
You worshipped Trog.
Trog was pleased with you.
You visited 1 branch of the dungeon, and saw 3 of its levels.

You collected 93 gold pieces.

Inventory:

Hand Weapons
 a - a +0 falchion (weapon)
Armour
 b - a +0 animal skin (worn)
 d - a +1 helmet (worn)
Scrolls
 c - a scroll of amnesia {unknown}
 f - a scroll of identify {unknown}
 h - a scroll of holy word {unknown}
Potions
 e - a potion of magic {unknown}
 g - a potion of might {unknown}
 i - a potion of attraction {unknown}


   Skills:
 + Level 4.0 Fighting
 * Level 3.8 Long Blades
 + Level 3.1 Armour
 + Level 2.3 Dodging


You had 4 spell levels left.
You didn't know any spells.
Your spell library was empty.

Dungeon Overview and Level Annotations

Branches:
Dungeon (3/15)

Altars:

Annotations:
D:3 Robin


Innate Abilities, Weirdness & Mutations

You are immune to sickness and miasma.
Your stone body is resilient. (AC +4)
You are immune to poison.
You resist negative energy. (rN+)
You are resistant to electric shocks. (rElec)
You are resistant to unholy torment.
You are immune to petrification.


Message History

The goblin no longer looks unusually strong.
You hit the hobgoblin.
You kill the hobgoblin!
Trog accepts your kill. Robin throws the goblin at you!
The goblin hits you but does no damage.
You barely miss the goblin.
The goblin no longer looks unusually strong.
Robin roars a battlecry!
The goblins go into a battle-frenzy!
The goblin hits you with a +0 club. The goblin misses you.
Robin throws the goblin at you!
You are no longer berserk.
You are exhausted.
You feel yourself slow down.
The quokka bites you but does no damage.
Robin closely misses you.
You riposte.
You hit Robin but do no damage.
Items here: )))).
You hit the goblin.
The goblin is heavily wounded.
Robin closely misses you. The quokka bites you.
Robin hits you with a +0 dagger.
* * * LOW HITPOINT WARNING * * *
The quokka bites you but does no damage.
The goblin barely misses you.
Your skin crawls.
You feel strong-willed. Robin hits you with a +0 dagger.
* * * LOW HITPOINT WARNING * * *
The quokka bites you but does no damage.
The goblin hits you but does no damage. Robin hits you with a +0 dagger.
* * * LOW HITPOINT WARNING * * *
The quokka misses you.
You riposte.
You hit the quokka.
The quokka is lightly wounded.
The goblin hits you with a +0 club.
* * * LOW HITPOINT WARNING * * *
You hit the goblin.
You kill the goblin!
Trog accepts your kill. Robin hits you but does no damage.
The quokka bites you.
You die...

#.. .. .. ... . ^
###.# #.# .# #. ...#
#.# .# #
...#####[###.#..#.#.
.............#......
........##.#....#
........##)..####.#
.......r@)g.......#
.......g###...#####
........#.......#
................#
####.####.....).# #.
###...#.# ### #
#...#.# ..###
##.##(# #.##.#
###.##.###<#


You could see Robin (fast), a quokka and a goblin (strong).

Vanquished Creatures
  4 gnolls (D:3)
  5 adders
  A dart slug (D:1)
  3 ball pythons
  2 bats
  5 endoplasms
  2 giant cockroaches (D:2)
  9 goblins
  7 hobgoblins
  4 kobolds
  A quokka (D:1)
  4 frilled lizards
  3 rats
50 creatures vanquished.

Vanquished Creatures (others)
  2 plants (D:1)
2 creatures vanquished.

Grand Total: 52 creatures vanquished

Notes
Turn   | Place    | Note
-------+----------+-------------------------------------------
     0 | D:1      | Borgoz the Gargoyle Berserker began the quest for the Orb.
     0 | D:1      | Reached XP level 1. HP: 14/14 MP: 1/1
   113 | D:1      | Reached XP level 2. HP: 14/19 MP: 2/2
  1122 | D:2      | Reached XP level 3. HP: 18/23 MP: 3/3
  1864 | D:2      | Reached XP level 4. HP: 27/29 MP: 4/4
  2015 | D:3      | Reached ** piety under Trog
  2016 | D:3      | Reached skill level 4 in Fighting
  2064 | D:3      | Found a faded altar of an unknown god.
  2300 | D:3      | Reached XP level 5. HP: 33/33 MP: 5/5
  2316 | D:3      | Noticed Robin
  2341 | D:3      | Slain by a quokka

Illustrated notes

Levels and vault maps discovered:
D:1:      dpeg_arrival_simpleton_a, layout_basic, kennysheep_boxes
D:2:      layout_basic
D:3:      layout_loops_ring, fedhas_altar_4,
          shapermc_ecumenical_altar_mp_highgroup, uniq_terence, uniq_jessica,
          uniq_robin

Skill      XL: |  1  2  3  4 |
---------------+-------------+-----
Long Blades    | 3 |  3.8
Dodging        | 2 |  2.3
Armour         | 3 |  3.1
Fighting       | 4 |  4.0

Action                   |  1- 3 |  4- 6 || total
-------------------------+-------+-------++-------
Melee: Falchion          |   102 |    50 ||   152
Invok: Berserk           |       |     2 ||     2
       Trog's Hand       |       |     1 ||     1
Armor: Animal skin       |    42 |    32 ||    74
Dodge: Dodged            |    76 |    46 ||   122
       Rpst.: Falchion   |    27 |    14 ||    41
